 Dungeon Crawl Stone Soup version 0.31-a0-4-gefa6de2278 (webtiles) character file.

Game seed: 11647377017555837085

1120 voltaire321 the Sneak (level 8, -5/52 HPs)
             Began as an Octopode Venom Mage on May 4, 2023.
             Slain by an ice beast (7 damage)
             ... on level 6 of the Dungeon.
             The game lasted 00:16:34 (5494 turns).

voltaire321 the Sneak (Octopode Venom Mage)         Turns: 5494, Time: 00:16:35

Health: -5/52      AC:  1    Str:  7    XL:     8   Next: 34%
Magic:  7/13       EV: 14    Int: 26    God:
Gold:   265        SH:  0    Dex: 12    Spells: 2/14 levels left

rFire   . . .        c - +1 spear (freeze)
rCold   . . .        (no shield)
rNeg    + . .        (helmet restricted)
rPois   .            E - amulet of the acrobat
rElec   .            f - ring of positive energy
rCorr   .            i - +6 ring of intelligence
SInv    +            j - ring of wizardry
Will    .....        D - ring of see invisible
Stlth   ++++         (no ring)
HPRegen 0.28/turn    (no ring)
MPRegen 0.13/turn    (no ring)
                     (no ring)

%: acrobat, wizardry (x1)
@: no status effects
A: almost no armour, amphibious, 8 rings, camouflage 1, gelatinous body 1,
(nimble swimmer 1), tentacles
a: no special abilities


You were on level 6 of the Dungeon.
You visited 1 branch of the dungeon, and saw 6 of its levels.

You collected 265 gold pieces.

Inventory:

Hand Weapons
 c - a +1 spear of freezing (weapon)
 C - a +1 dagger of flaming
Missiles
 t - 5 curare-tipped darts
Jewellery
 f - a ring of positive energy (left tentacle)
 i - a +6 ring of intelligence (right tentacle)
 j - a ring of wizardry (on tentacle)
 D - a ring of see invisible (on tentacle)
 E - an amulet of the acrobat (around mantle)
Wands
 y - a wand of flame (26)
Scrolls
 b - 2 scrolls of magic mapping {unknown}
 d - 7 scrolls of identify {unknown}
 e - a scroll of enchant weapon {unknown}
 l - 2 scrolls of blinking {unknown}
 p - 2 scrolls of teleportation
 q - a scroll of fear {unknown}
 s - a scroll of immolation {unknown}
 x - a scroll of silence {unknown}
 B - 2 scrolls of poison {unknown}
Potions
 a - a potion of magic
 g - a potion of attraction {unknown}
 h - a potion of flight {unknown}
 m - 4 potions of curing {unknown}
 n - 2 potions of lignification {unknown}
 o - 2 potions of invisibility {unknown}
 r - 2 potions of haste {unknown}
 u - a potion of might {unknown}
 v - a potion of berserk rage {unknown}
 w - a potion of ambrosia {unknown}
 z - 2 potions of degeneration {unknown}
 A - 2 potions of cancellation {unknown}


   Skills:
 + Level 3.2 Fighting
 + Level 4.0 Dodging
 + Level 5.7 Stealth
 + Level 3.7 Spellcasting
 + Level 3.0 Conjurations
 + Level 1.4 Summonings
 - Level 2.0 Transmutations
 + Level 2.9 Air Magic
 + Level 5.6 Poison Magic


You had 2 spell levels left.
You knew the following spells:

 Your Spells              Type           Power      Damage    Failure   Level
a - Sting                 Tmut/Pois      96%        1d7       1%          1
b - Poisonous Vapours     Pois/Air       54%        N/A       1%          2
c - Mephitic Cloud        Conj/Pois/Air  24%        N/A       2%          3
d - Olgreb's Toxic Radia  Pois           34%        N/A       3%          4
e - Call Imp              Summ           24%        N/A       2%          2

Your spell library contained the following spells:

 Spells                   Type           Power      Damage    Failure   Level
 Magic Dart               Conj           80%        1d7       1%          1
 Lesser Beckoning         Tloc           8%         N/A       5%          2
 Stone Arrow              Conj/Erth      24%        3d8       6%          3
 Gell's Gravitas          Tloc           4%         N/A       11%         3
 Teleport Other           Tloc           4%         N/A       11%         3
 Anguish                  Hex/Necr       2%         N/A       32%         4
 Enfeeble                 Hex            2%         N/A       100%        7
 Lehudib's Crystal Spear  Conj/Erth      6%         10d3      100%        8
 Chain Lightning          Conj/Air       10%        3d13      100%        9
 Fire Storm               Conj/Fire      6%         8d2       100%        9
 Shatter                  Erth           2%         3d6*      100%        9
 Animate Armour           Summ/Erth      Unusable   N/A       N/A         4

Dungeon Overview and Level Annotations

Branches:
Dungeon (6/15)
 Temple: D:4-7

Altars:
Elyvilon
Nemelex Xobeh

Annotations:
D:4 1 runed translucent door, jejorda2's ghost, novice MfBe
D:6 5 runed translucent doors


Innate Abilities, Weirdness & Mutations

You cannot wear most types of armour.
You are amphibious.
You can wear up to eight rings at the same time.
Your skin changes colour to match your surroundings (Stealth+).
Your rubbery body absorbs attacks. (AC +1, EV +1)
((You are camouflaged when in or above water. (Stealth+)))
You have tentacles for arms and can constrict up to eight enemies at once.


Message History

The sting hits the ice beast.
The ice beast partially resists.
The ice beast is poisoned.
The ice beast is lightly wounded.
The ice beast closely misses you.
Aiming: Sting (safe; 1% risk of failure)
Press: ? - help, Q - select action, (/) - cycle Shift-Dir - straight line, f/p - ice beast
Aim: an ice beast (lightly wounded, poisoned, 76% to hit)
The sting hits the ice beast.
The ice beast partially resists.
The ice beast is moderately wounded.
The ice beast completely misses you.
Aiming: Sting (safe; 1% risk of failure)
Press: ? - help, Q - select action, (/) - cycle Shift-Dir - straight line, f/p - ice beast
Aim: an ice beast (moderately wounded, poisoned, 76% to hit)
The sting hits the ice beast.
The ice beast partially resists.
The ice beast is moderately wounded.
The ice beast hits you. The ice beast freezes you!
* * * LOW HITPOINT WARNING * * *
The ice beast attacks as you move away! The ice beast hits you.
* * * LOW HITPOINT WARNING * * *
The ice beast freezes you!
* * * LOW HITPOINT WARNING * * *
You feel much better.
The ice beast looks more healthy.
The ice beast closely misses you. The ice beast attacks as you move away!
The ice beast hits you. The ice beast freezes you!
The ice beast attacks as you move away! The ice beast misses you.
The ice beast attacks as you move away! The ice beast completely misses you.
Aiming: Sting (safe; 1% risk of failure)
Press: ? - help, Q - select action, (/) - cycle Shift-Dir - straight line, f/p - ice beast
Aim: an ice beast (heavily wounded, 76% to hit)
The sting hits the ice beast.
The ice beast is poisoned.
The ice beast is heavily wounded.
The ice beast hits you. The ice beast freezes you!
* * * LOW HITPOINT WARNING * * *
You hit the ice beast.
The ice beast is heavily wounded.
The ice beast hits you.
* * * LOW HITPOINT WARNING * * *
The ice beast freezes you!
You die...

#.# #.# #..# #.# #.###
#..# #.# #.#.# #..##
#.###.#.####.........
#.............##.#..#..#.
#.###.#.#####.##.#..#....
#.# #..................#
#.# ###.#####.#........#.
#.#####.#####@#..#.......
##...........Y#..#.......
#.####.#####..........#.
#.#............#.)......
#.......................
#.###........#.##..#....
#.# #...................
#.# #.#.##...#.#........
#.# #.#.##...#.#..##....


You could see an ice beast (poisoned).

Vanquished Creatures
  A water moccasin (D:6)
  2 black bears
  2 centaurs
  Blork the orc (D:5)
  A bullfrog (D:6)
  A scorpion (D:4)
  A hound (D:4)
  2 jellies (D:5)
  2 orc priests (D:5)
  A sleepcap (D:5)
  An iguana (D:4)
  Natasha (thrice) (D:4)
  8 adders
  A shadow imp (D:6)
  2 worms
  A dart slug (D:1)
  9 orcs
  8 bats
  8 endoplasms
  5 giant cockroaches
  10 hobgoblins
  4 jackals (D:1)
  6 quokkas
  9 ball pythons
  3 frilled lizards
  8 goblins
  10 kobolds
  7 rats
117 creatures vanquished.

Notes
Turn   | Place    | Note
-------+----------+-------------------------------------------
     0 | D:1      | voltaire321 the Octopode Venom Mage began the quest for the
                  | Orb.
     0 | D:1      | Reached XP level 1. HP: 11/11 MP: 3/3
   123 | D:1      | Reached XP level 2. HP: 17/17 MP: 5/5
   381 | D:1      | Reached XP level 3. HP: 21/21 MP: 6/6
   488 | D:1      | Learned a level 2 spell: Poisonous Vapours
   492 | D:1      | Learned a level 3 spell: Mephitic Cloud
   910 | D:2      | Found a faded altar of an unknown god.
   979 | D:2      | Reached XP level 4. HP: 27/27 MP: 7/7
  1108 | D:2      | Found a sparkling altar of Nemelex Xobeh.
  1562 | D:3      | You fall into a shaft and drop 2 floors!
  1562 | D:5      | Entered Level 5 of the Dungeon
  1812 | D:3      | Reached skill level 1 in Conjurations
  1864 | D:3      | Reached skill level 1 in Fighting
  1987 | D:3      | Found a white marble altar of Elyvilon.
  2087 | D:3      | Noticed a centaur
  2099 | D:3      | HP: 1/28 [centaur (2)]
  2108 | D:3      | Killed a centaur
  2109 | D:3      | Reached skill level 1 in Air Magic
  2109 | D:3      | Reached XP level 5. HP: 8/33 MP: 1/9
  2780 | D:4      | Noticed Natasha
  2818 | D:4      | Reached XP level 6. HP: 38/38 MP: 10/10
  2954 | D:4      | Found a runed translucent door.
  3272 | D:4      | Killed Natasha
  3348 | D:4      | Noticed jejorda2's ghost (novice MfBe)
  3573 | D:4      | Noticed Natasha
  3581 | D:4      | Killed Natasha
  3704 | D:4      | Noticed Natasha
  3710 | D:4      | Killed Natasha
  3711 | D:4      | Reached XP level 7. HP: 33/45 MP: 4/11
  3931 | D:5      | Noticed Blork the orc
  3948 | D:5      | Reached skill level 5 in Poison Magic
  4299 | D:5      | Learned a level 4 spell: Olgreb's Toxic Radiance
  4331 | D:5      | Learned a level 2 spell: Call Imp
  4364 | D:5      | Reached skill level 5 in Stealth
  4540 | D:5      | Killed Blork the orc
  4876 | D:6      | Reached XP level 8. HP: 51/51 MP: 8/13
  4964 | D:6      | Reached skill level 1 in Summonings
  5223 | D:6      | Found a runed translucent gate.
  5229 | D:6      | Found a runed translucent door.
  5230 | D:6      | Found a runed translucent gate.
  5240 | D:6      | Found the +9 staff of Olgreb {rPois∞}
  5327 | D:6      | Found a runed translucent gate.
  5328 | D:6      | Found a runed translucent door.
  5487 | D:6      | HP: 2/52 [ice beast (10)]
  5494 | D:6      | HP: 2/52 [ice beast (3)]
  5494 | D:6      | Slain by an ice beast

Illustrated notes

Levels and vault maps discovered:
D:1:      dpeg_arrival_windows_large_door, layout_loops_ring
D:2:      minmay_angry_zag, layout_loops_ring,
          dreamdust_ecumenical_altar_statues, basic_altar,
          minmay_goblin_kobold_house
D:3:      layout_loops_corners, elyvilon_altar_1, amethyst_killhole
D:4:      layout_gridville, ebering_ghost_reflecting_pool, uniq_natasha
D:5:      layout_basic, uniq_blork_the_orc
D:6:      layout_basic, minmay_guarded_unrand_staff_of_olgreb

Skill      XL: |  1  2  3  4  5  6  7  8 |
---------------+-------------------------+-----
Stealth        | 3 4 5 |  5.7
Poison Magic   | 4 5 |  5.6
Conjurations   | 1 2 3 |  3.0
Fighting       | 1 2 3 |  3.2
Transmutations | 2 |  2.0
Air Magic      | 1 2 |  2.9
Dodging        | 3 4 |  4.0
Spellcasting   | 3 |  3.7
Summonings     | 1 |  1.4

Action                     |  1- 3 |  4- 6 |  7- 9 || total
---------------------------+-------+-------+-------++-------
  Melee: Spear             |    74 |   117 |    47 ||   238
         Constrict         |    16 |    18 |     9 ||    43
         Tentacles         |    12 |    14 |    12 ||    38
         Punch             |       |     2 |     1 ||     3
   Cast: Sting             |     5 |    23 |    30 ||    58
         Poisonous Vapours |       |    17 |    14 ||    31
         Call Imp          |       |       |     2 ||     2
         Olgreb's Toxic Ra |       |       |     1 ||     1
    Use: Potion            |       |     2 |     3 ||     5
         Scroll            |       |       |     1 ||     1
   Stab: Sleeping          |    14 |    15 |     2 ||    31
         Distracted        |       |     1 |     1 ||     2
 Armour: Skin              |    10 |     7 |     5 ||    22
  Dodge: Dodged            |    27 |    68 |    42 ||   137

Table legend: (Time is in decaauts)
 A = Elapsed time spent in this place.
 B = Non-inter-level travel time spent in this place.
 C = Inter-level travel time spent in this place.
 D = Time resting spent in this place.
 E = Time spent auto-exploring this place.
 F = Levels seen in this place.
 G = Mean time per level.
                   A        B        C        D        E       F      G
               +--------+--------+--------+--------+--------+-----+--------+
         Total |   5513 |   5392 |    121 |    951 |   3342 |   6 |  918.8 |
       Dungeon |   5513 |   5392 |    121 |    951 |   3342 |   6 |  918.8 |
               +--------+--------+--------+--------+--------+-----+--------+

Top non-repeatable levels by time:
     D:4: 1130 daAuts
     D:5: 1091 daAuts
     D:3: 1070 daAuts
     D:1: 859 daAuts
     D:2: 689 daAuts
     D:6: 672 daAuts
